 Dungeon Crawl Stone Soup version 0.30-a0-879-ga8ba668304 (webtiles) character file.

Game seed: 501472697207488819

238801 cheesebisquit the Earth Mage (level 19, -4/116 HPs)
             Began as a Gargoyle Earth Elementalist on Mar 13, 2023.
             Was the Champion of Vehumet.
             Slain by Mennas
             ... wielding a +3 eudemon blade of holy wrath
              (25 damage)
             ... on level 4 of the Vaults.
             The game lasted 03:17:54 (47983 turns).

cheesebisquit the Earth Mage (GrEE)                Turns: 47983, Time: 03:17:54

Health: -4/116     AC: 34    Str: 20    XL:     19   Next: 73%
Magic:  27/48      EV: 11    Int: 21    God:    Vehumet [******]
Gold:   511        SH:  9    Dex: 10    Spells: 7/51 levels left

rFire   + . .      SeeInvis .    h - staff of earth
rCold   + + .      Faith    .    H - +0 kite shield {rC+}
rNeg    + . .      Spirit   .    j - +3 ring mail {Will+}
rPois   ∞          Reflect  .    m - +2 helmet "Igreupp" {+Blink +Inv}
rElec   +          Rampage  .    b - +1 cloak
rCorr   .                        Y - +2 pair of gloves {Stlth+}
Will    ++...                    O - +0 pair of boots "Wyfocaog" {Regen+ Str+2}
Stlth   +                        k - amulet of magic regeneration
HPRegen 1.19/turn                J - ring "Videq" {+Blink rF+ rC+ Str+3}
MPRegen 0.71/turn                V - ring of magical power

@: brilliant, about to teleport, flying, hasted, glowing, studying Hexes, very
quick
A: sickness immunity, AC +14, big wings, negative energy resistance 1,
electricity resistance, torment resistance 1, petrification resistance
}: 1/15 runes: serpentine
a: Renounce Religion, Evoke Blink, Evoke Invisibility


You were on level 4 of the Vaults.
You worshipped Vehumet.
Vehumet was exalted by your worship.
You visited 6 branches of the dungeon, and saw 31 of its levels.
You also visited: Sewer, Ossuary, Bailey, Gauntlet and Volcano.

You collected 3385 gold pieces.
You spent 2874 gold pieces at shops.

Inventory:

Hand Weapons
 D - a +3 heavy flail
 N - a +2 morningstar of venom
Missiles
 d - 58 poisoned darts
 n - 3 throwing nets
 u - 3 datura-tipped darts
 S - 8 curare-tipped darts
Armour
 b - a +1 cloak (worn)
 j - a +3 ring mail of willpower (worn)
 m - the +2 helmet "Igreupp" (worn) {+Blink +Inv}
   (You took it off Robin on level 2 of the Dungeon)

   +Inv:      It lets you turn invisible.
   +Blink:    It lets you blink.
 H - a +0 kite shield of cold resistance (worn)
 O - the +0 pair of boots "Wyfocaog" (worn) {Regen+ Str+2}
   (You bought it in a shop on level 2 of the Snake Pit)

   Str:       It affects your strength (+2).
   Regen:     It increases your rate of health regeneration.
 Y - a +2 pair of gloves of stealth (worn)
Magical Staves
 h - a staff of earth (weapon)
Jewellery
 g - a ring of protection from cold
 k - an amulet of magic regeneration (around neck)
 p - the amulet of Reres {Faith SInv}
   (You bought it in a shop on level 2 of the Orcish Mines)

   [amulet of faith]

   It allows you to gain divine favour quickly.
   SInv:      It lets you see invisible.
 J - the ring "Videq" (left hand) {+Blink rF+ rC+ Str+3}
   (You bought it in a shop on level 2 of the Snake Pit)

   [ring of protection from fire]

   Str:       It affects your strength (+3).
   rF:        It protects you from fire.
   rC:        It protects you from cold.
   +Blink:    It lets you blink.
 P - a +5 ring of evasion
 T - a ring of protection from fire
 U - an amulet of reflection
 V - a ring of magical power (right hand)
 W - a ring of willpower
Wands
 v - a wand of mindburst (10)
 y - a wand of roots (8)
 A - a wand of paralysis (20)
 B - a wand of flame (50)
 K - a wand of digging (18)
 M - a wand of polymorph (16)
 Q - a wand of quicksilver (2)
Scrolls
 a - 3 scrolls of blinking
 e - 21 scrolls of teleportation
 l - 4 scrolls of butterflies
 o - 2 scrolls of silence
 q - 6 scrolls of immolation
 s - 4 scrolls of poison
 w - 4 scrolls of fog
 z - 7 scrolls of fear
 F - 6 scrolls of vulnerability
 Z - a scroll of amnesia
Potions
 c - 4 potions of brilliance
 f - 2 potions of cancellation
 i - 2 potions of mutation
 r - 14 potions of curing
 t - 3 potions of haste
 x - 3 potions of attraction
 C - 4 potions of might
 E - 8 potions of flight
 G - 4 potions of ambrosia
 I - 2 potions of berserk rage
 L - 5 potions of lignification
 X - a potion of invisibility


   Skills:
 + Level 12.1 Fighting
 + Level 11.2 Staves
 + Level 7.4 Armour
 + Level 5.9 Dodging
 - Level 2.1 Stealth
 + Level 7.3 Shields
 + Level 16.7 Spellcasting
 * Level 15.0 Conjurations
 - Level 0.7 Transmutations
 * Level 19.9 Earth Magic
 - Level 10.0 Evocations


You had 7 spell levels left.
You knew the following spells:

 Your Spells              Type           Power      Damage    Failure   Level
a - Lehudib's Crystal Sp  Conj/Erth      58%        10d14     17%         8
b - Iskenderun's Battles  Conj           88%        2d14      1%          5
c - Passwall              Tmut/Erth      79%        N/A       1%          2
d - Iron Shot             Conj/Erth      58%        9d11      1%          6
e - Hailstorm             Conj/Ice       65%        3d14      1%          3
f - Flame Wave            Conj/Fire      65%        2d15      1%          4
g - Stone Arrow           Conj/Erth      100%       3d13      1%          3
l - Leda's Liquefaction   Hex/Erth       46%        N/A       2%          4
x - Lee's Rapid Deconstr  Erth           61%        3d28*     1%          5
z - Petrify               Tmut/Erth      95%        N/A       1%          4

Your spell library contained the following spells:

 Spells                   Type           Power      Damage    Failure   Level
 Shatter                  Erth           61%        3d46*     63%         9
 Chain Lightning          Conj/Air       32%        3d43      100%        9
 Polar Vortex             Ice            13%        N/A       100%        9
 Sandblast                Erth           100%       2d20      0%          1
 Kiss of Death            Conj/Necr      100%       2d13      1%          1
 Magic Dart               Conj           100%       1d8       1%          1
 Searing Ray              Conj           100%       2d8       1%          2
 Dazzling Flash           Conj/Hex       100%       N/A       1%          3
 Fulminant Prism          Conj/Hex       32%        3d15      1%          4
 Sticky Flame             Conj/Fire      65%        2d8       1%          4
 Freeze                   Ice            100%       1d10      3%          1
 Fireball                 Conj/Fire      32%        3d14      4%          5
 Lightning Bolt           Conj/Air       32%        1d50      4%          5
 Scorch                   Fire           52%        2d8       5%          2
 Orb of Destruction       Conj           44%        9d12      7%          7
 Ignite Poison            Fire/Tmut/Pois 27%        N/A       10%         3
 Frozen Ramparts          Ice            52%        1d8       11%         3
 Apportation              Tloc           52%        N/A       13%         1
 Summon Small Mammal      Summ           100%       N/A       13%         1
 Conjure Ball Lightning   Conj/Air       32%        3x3d10    24%         6
 Airstrike                Air            13%        2d(2-18)  32%         4
 Call Canine Familiar     Summ           26%        N/A       36%         3
 Confusing Touch          Hex            26%        N/A       36%         3
 Ozocubu's Armour         Ice            26%        N/A       36%         3
 Summon Guardian Golem    Hex/Summ       26%        N/A       36%         3
 Dispel Undead            Necr           26%        3d13      78%         4
 Passage of Golubria      Tloc           26%        N/A       78%         4
 Summon Ice Beast         Ice/Summ       26%        N/A       78%         4
 Summon Lightning Spire   Summ/Air       26%        N/A       78%         4
 Alistair's Intoxication  Tmut/Pois      18%        N/A       97%         5
 Agony                    Necr           26%        N/A       98%         5
 Metabolic Englaciation   Hex/Ice        13%        N/A       98%         5
 Silence                  Hex/Air        13%        N/A       98%         5
 Summon Mana Viper        Hex/Summ       26%        N/A       98%         5
 Simulacrum               Ice/Necr       13%        N/A       100%        6
 Summon Cactus Giant      Summ           13%        N/A       100%        6
 Monstrous Menagerie      Summ           13%        N/A       100%        7
 Ignition                 Fire           13%        3d6       100%        8
 Statue Form              Tmut/Erth      Unusable   N/A       N/A         6

Dungeon Overview and Level Annotations

Branches:
Dungeon (15/15)            Temple (1/1) D:6            Lair (5/5) D:11
  Swamp (0/4) Lair:3        Snake (4/4) Lair:3        Slime (0/5) Lair:4
    Orc (2/2) D:11            Elf (0/3) Orc:2        Vaults (4/5) D:14
  Crypt (0/3) Vaults:2     Depths (0/4) D:15          Sewer (visited)
Ossuary (visited)          Bailey (visited)         Volcano (visited)
Gauntlet (visited)

Altars:
Ashenzari
Cheibriados
Dithmenos
Elyvilon
Fedhas
Gozag
Hepliaklqana
Kikubaaqudgha
Makhleb
Nemelex Xobeh
Okawaru
Qazlal
Ru
Sif Muna
Trog
Uskayaw
Vehumet
Wu Jian
Xom
Yredelemnul
Zin
The Shining One
Jiyva
Lugonu

Shops:
D:3 *   Orc:2 *=[(   Snake:2 ?[=!   Snake:4 ?   Vaults:1 (

Portals:
Abyss: Lair:5

Annotations:
Vaults:4 Mennas, Xtahua


Innate Abilities, Weirdness & Mutations

You are immune to sickness and miasma.
Your stone body is resilient. (AC +14)
You are immune to poison.
Your large and strong wings let you fly.
You resist negative energy. (rN+)
You are resistant to electric shocks. (rElec)
You are resistant to unholy torment.
You are immune to petrification.


Message History

A great orb of eyes comes into view.
Mennas hits you but does no damage. x2
Aiming: Iron Shot (mildly dangerous; 1% risk of failure)
Press: ? - help, Q - select action, (/) - cycle Shift-Dir - straight line, f/p - Mennas
Aim: Mennas, wielding a +3 eudemon blade of holy wrath and wearing a +2 tower shield (haloed, 53% to hit)
Okay, then.
As you read the scroll of teleportation, it crumbles to dust.
You feel strangely unstable. You block Mennas's attack.
Mennas hits you with a +3 eudemon blade of holy wrath!
* * * LOW HITPOINT WARNING * * *
Aiming: Iron Shot (mildly dangerous; 1% risk of failure)
Press: ? - help, Q - select action, (/) - cycle Shift-Dir - straight line, f/p - Mennas
Aim: Mennas, wielding a +3 eudemon blade of holy wrath and wearing a +2 tower shield (haloed, 53% to hit)
You feel a strong surge of power!
The iron shot hits Mennas!!!
Mennas is moderately wounded.
Mennas hits you with a +3 eudemon blade of holy wrath.
* * * LOW HITPOINT WARNING * * *
You block Mennas's attack.
Press: ? - help, v - describe, . - travel An alarm trap.
This square is lit by a halo.
Aiming: Iron Shot (mildly dangerous; 1% risk of failure)
Press: ? - help, Q - select action, (/) - cycle Shift-Dir - straight line, f/p - Mennas
Aim: Mennas, wielding a +3 eudemon blade of holy wrath and wearing a +2 tower shield (moderately wounded, haloed, 53% to hit)
You feel a strong surge of power!
Mennas blocks the iron shot.
You block Mennas's attack. Mennas hits you but does no damage.
Aiming: Iron Shot (mildly dangerous; 1% risk of failure)
Press: ? - help, Q - select action, (/) - cycle Shift-Dir - straight line, f/p - Mennas
Aim: Mennas, wielding a +3 eudemon blade of holy wrath and wearing a +2 tower shield (moderately wounded, haloed, 53% to hit)
You feel a strong surge of power!
Mennas blocks the iron shot.
Mennas hits you with a +3 eudemon blade of holy wrath!
* * * LOW HITPOINT WARNING * * *
You block Mennas's attack.
You feel better.
Mennas hits you with a +3 eudemon blade of holy wrath.
* * * LOW HITPOINT WARNING * * *
Mennas hits you but does no damage.
You feel better.
Mennas hits you with a +3 eudemon blade of holy wrath!!
You die...

#........'..[....#
#.......)#..<....#
#..*.....#.....[.#
#........#.......#
#........#.......#
#........#########
#.....D..#
######A#####
#...^@.....#
#..........#
#....<.....#
#..........#
#..........#
#..........#
############


You could see Mennas and Xtahua.

Vanquished Creatures
  Saint Roka (Vaults:1)
  Vashnia (Snake:3)
  Asterion (Vaults:1)
  2 sphinxes
  6 nagarajas
  2 frost giants
  5 vault wardens
  Aizul (Vaults:3)
  28 slime creatures
  5 ironbound preservers
  5 very ugly things
  2 orc warlords
  11 ironbound thunderhulks
  Azrael (D:12)
  The ghost of monoptic the Severer, a journeyman MiFi of the Shining One (Orc:2)
  The ghost of kenny the Eclecticist, a journeyman DECj of Ashenzari (Snake:1)
  2 ettins
  Snorg (Lair:5)
  3 entropy weavers
  6 great orbs of eyes
  A deep elf high priest (Vaults:2)
  5 yaktaur captains
  A ragged hierophant (Vaults:1)
  Erolcha (D:12)
  3 vault guards (Vaults:1)
  A hydra (Lair:5)
  5 salamander tyrants
  9 ironbound frosthearts
  A quicksilver dragon skeleton (D:15)
  12 anacondas
  A servant of whispers (Vaults:1)
  15 centaur warriors
  6 boulder beetles
  2 catoblepae
  2 dancing weapons (D:14)
  6 two-headed ogres
  5 death yaks
  10 naga warriors
  6 shock serpents
  A death knight (D:15)
  4 thrashing horrors (Lair:5)
  An orc high priest (Orc:2)
  3 tengu warriors (D:14)
  10 naga sharpshooters
  Amaemon (D:10)
  A fire crab (D:14)
  2 skysharks (Lair:5)
  3 skeletal warriors (D:15)
  5 salamander mystics
  A golden dragon zombie (D:15)
  A glowing orange brain (Vaults:1)
  3 naga ritualists
  A large abomination (Lair:5)
  19 deep trolls
  2 deep elf archers
  An orange crystal statue (D:14)
  2 necromancers
  6 wizards
  5 ironbound convokers
  11 lindwurms
  4 harpies (Vaults:2)
  2 deep elf zephyrmancers (Orc:2)
  9 deep elf pyromancers
  4 mana vipers
  3 phantasmal warriors (D:15)
  5 orc sorcerers
  8 orc knights
  A fire giant zombie (D:15)
  6 cyclopes
  A manticore (D:14)
  21 ugly things
  16 elephants
  18 salamanders
  13 vault sentinels
  33 black mambas
  2 salamanders (shapeshifter)
  A gargoyle (D:13)
  3 guardian serpents
  4 cane toads
  2 torpor snails
  12 naga magi
  An orange demon (D:10)
  2 efreet (D:14)
  A rime drake (Lair:2)
  An unseen horror (D:12)
  13 komodo dragons
  A tengu conjurer (D:15)
  5 kobold demonologists
  A red devil (D:13)
  10 yaktaurs
  2 ancient zymes (Lair:5)
  The ghost of jerryboi the Trooper, an amateur DrFi of Gozag (D:3)
  7 trolls
  A merfolk (D:12)
  2 polar bears (Lair:4)
  A meliai (D:14)
  2 saltlings (Vaults:1)
  A queen bee (shapeshifter) (Lair:5)
  A tarantella (Vaults:1)
  7 hornets (Lair:3)
  Prince Ribbit (D:7)
  17 blink frogs
  13 dream sheep
  Grinder (D:5)
  2 shadows
  A spriggan (Lair:5)
  A ynoxinul (Lair:5)
  3 wraiths
  33 yaks
  5 wyverns
  3 basilisks
  7 fire elementals
  5 redbacks
  10 small abominations (Lair:5)
  A steam dragon (Lair:2)
  4 chaos spawn (Lair:5)
  9 vampire mosquitoes
  Menkaure (Ossuary)
  7 wargs
  An acid dragon (D:10)
  52 nagas
  A glowing shapeshifter zombie (D:15)
  6 water moccasins
  5 hell hounds
  A sky beast (D:6)
  A black bear (D:6)
  51 orc warriors
  10 boggarts
  8 ogres
  22 wolves
  43 centaurs
  Blork the orc (D:6)
  7 bullfrogs
  6 kobold brigands
  3 scorpions
  15 wights
  6 killer bees (D:8)
  3 electric eels (Bailey)
  4 howler monkeys
  5 jellies
  6 hounds
  4 sleepcaps
  7 orc priests
  8 iguanas
  Terence (D:2)
  16 orc wizards
  14 hell rats (Lair:1)
  3 mummies (Ossuary)
  Robin (D:2)
  3 adders
  12 gnolls
  20 river rats
  A shadow imp (D:13)
  A white imp (D:6)
  2 ufetubi
  A worm (D:3)
  2 dart slugs
  68 orcs
  12 bats
  10 endoplasms
  2 giant cockroaches
  5 gnoll zombies (Ossuary)
  11 hobgoblins
  2 jackals
  22 kobolds
  11 quokkas
  3 ball pythons
  3 frilled lizards
  5 gnoll skeletons (Ossuary)
  19 goblins
  6 goblin skeletons (Ossuary)
  2 goblin zombies (Ossuary)
  4 hobgoblin skeletons (Ossuary)
  4 hobgoblin zombies (Ossuary)
  6 kobold skeletons (Ossuary)
  4 kobold zombies (Ossuary)
  2 orc skeletons (Ossuary)
  5 orc zombies (Ossuary)
  25 rats
  2 rat skeletons (Ossuary)
  5 rat zombies (Ossuary)
1203 creatures vanquished.

Vanquished Creatures (others)
  A deep elf pyromancer (Volcano)
  A boggart (Vaults:1)
  An orc wizard (D:11)
  An orc (Vaults:1)
  A bush (Lair:5)
  18 fungi
  16 plants
  3 withered plants (D:15)
42 creatures vanquished.

Grand Total: 1245 creatures vanquished

Notes
Turn   | Place    | Note
-------+----------+-------------------------------------------
     0 | D:1      | cheesebisquit the Gargoyle Earth Elementalist began the
                  | quest for the Orb.
     0 | D:1      | Reached XP level 1. HP: 10/10 MP: 3/3
   292 | D:1      | Reached XP level 2. HP: 15/15 MP: 3/5
   317 | D:1      | Reached skill level 4 in Earth Magic
  1201 | D:2      | Noticed Terence
  1203 | D:2      | Reached XP level 3. HP: 19/19 MP: 4/6
  1213 | D:2      | Killed Terence
  1433 | D:2      | Found a shadowy altar of Dithmenos.
  1485 | D:2      | Reached XP level 4. HP: 24/24 MP: 6/8
  1549 | D:2      | Reached skill level 5 in Earth Magic
  1550 | D:2      | Identified the +2 helmet "Igreupp" {+Blink +Inv}
  1550 | D:2      | Noticed Robin
  1635 | D:2      | Killed Robin
  1803 | D:2      | Found a faded altar of an unknown god.
  1814 | D:2      | Reached XP level 5. HP: 25/28 MP: 3/10
  2056 | D:3      | Found a glowing drain.
  2065 | Sewer    | Entered a sewer
  2205 | Sewer    | Noticed a water moccasin
  2212 | Sewer    | Killed a water moccasin
  2213 | Sewer    | Reached skill level 6 in Earth Magic
  2213 | Sewer    | Reached XP level 6. HP: 32/32 MP: 6/12
  2458 | D:3      | Found Pimyddo's Assorted Antiques.
  2492 | D:3      | Found a large runed translucent door.
  2492 | D:3      | Found a large runed translucent door.
  2494 | D:3      | Noticed jerryboi's ghost (amateur DrFi)
  2617 | D:3      | Paralysed by a gnoll for 3 turns
  2629 | D:2      | Paralysed by a gnoll for 4 turns
  3144 | D:4      | Reached skill level 7 in Earth Magic
  3144 | D:4      | Reached XP level 7. HP: 36/36 MP: 9/14
  3183 | D:4      | Learned a level 3 spell: Stone Arrow
  3186 | D:4      | Learned a level 2 spell: Passwall
  3190 | D:4      | Learned a level 3 spell: Ozocubu's Armour
  3195 | D:4      | Learned a level 4 spell: Petrify
  3343 | D:4      | Reached skill level 5 in Spellcasting
  3893 | D:4      | Reached skill level 8 in Earth Magic
  4041 | D:5      | Entered Level 5 of the Dungeon
  4176 | D:5      | Reached XP level 8. HP: 41/41 MP: 11/16
  4221 | D:5      | Noticed Grinder
  4224 | D:5      | Paralysed by Grinder for 4 turns
  4232 | D:5      | Killed Grinder
  4361 | D:5      | Reached skill level 9 in Earth Magic
  5551 | D:6      | Found a staircase to the Ecumenical Temple.
  5564 | Temple   | Entered the Ecumenical Temple
  5784 | Temple   | Became a worshipper of Vehumet
  5870 | D:6      | Reached skill level 10 in Earth Magic
  5938 | D:6      | Noticed Blork the orc
  5945 | D:6      | Killed Blork the orc
  5946 | D:6      | Reached XP level 9. HP: 45/45 MP: 16/20
  6441 | D:6      | Learned a level 5 spell: Lee's Rapid Deconstruction
  6446 | D:6      | Learned a level 4 spell: Leda's Liquefaction
  6514 | D:7      | Found a flagged portal.
  6579 | D:7      | Reached * piety under Vehumet
  6579 | D:7      | Offered knowledge of Shock by Vehumet.
  6599 | Bailey   | Entered a bailey
  6719 | Bailey   | Noticed an orc knight
  6726 | Bailey   | Reached skill level 11 in Earth Magic
  6738 | Bailey   | Killed an orc knight
  6763 | Bailey   | Noticed an orc sorcerer
  6769 | Bailey   | Killed an orc sorcerer
  6890 | Bailey   | Reached skill level 12 in Earth Magic
  6935 | Bailey   | Noticed an orc knight
  6943 | Bailey   | Killed an orc knight
  6944 | Bailey   | Reached XP level 10. HP: 50/50 MP: 17/23
  7055 | Bailey   | Acquired a staff of earth
  7128 | Bailey   | Found an iron altar of Okawaru.
  7128 | Bailey   | Noticed a kobold demonologist
  7145 | Bailey   | Noticed a sixfirhy
  7163 | Bailey   | Noticed a rust devil
  7163 | Bailey   | Killed a kobold demonologist
  7164 | Bailey   | Reached skill level 1 in Fighting
  7164 | Bailey   | Reached skill level 1 in Staves
  7164 | Bailey   | Reached skill level 1 in Conjurations
  7304 | Bailey   | Reached skill level 1 in Evocations
  7665 | D:3      | Bought a blackened copper amulet for 125 gold pieces
  7670 | D:3      | Bought a scroll of identify for 50 gold pieces
  7670 | D:3      | Bought a scroll of identify for 50 gold pieces
  7670 | D:3      | Bought a jewelled glass wand for 100 gold pieces
  7670 | D:3      | Bought a scroll of identify for 50 gold pieces
  7697 | D:3      | Killed jerryboi's ghost
  7934 | D:7      | Reached ** piety under Vehumet
  7946 | D:7      | Noticed Prince Ribbit
  7957 | D:7      | Killed Prince Ribbit
  7959 | D:7      | Offered knowledge of Kiss of Death by Vehumet.
  8046 | D:7      | Found a burning altar of Makhleb.
  8407 | D:8      | You fall into a shaft and drop 3 floors!
  8411 | D:11     | Found a gate leading to a gauntlet.
  8465 | Gauntlet | Entered a Gauntlet
  8465 | Gauntlet | Found a transporter.
  8465 | Gauntlet | Found a transporter.
  8465 | Gauntlet | Found a runed translucent door.
  8465 | Gauntlet | Found a runed translucent door.
  8475 | Gauntlet | Noticed a fire crab
  8513 | Gauntlet | Found a transporter.
  8517 | Gauntlet | Found a transporter.
  8525 | Gauntlet | Found a transporter.
  8529 | Gauntlet | Found a transporter.
  8533 | Gauntlet | Noticed a thrashing horror
  8538 | Gauntlet | Found a transporter.
  8551 | Gauntlet | Found a runed translucent door.
  8551 | Gauntlet | Noticed a blizzard demon
  8553 | Gauntlet | Found a transporter.
  8555 | Gauntlet | Found a runed translucent door.
  8567 | Gauntlet | Found a transporter.
  8571 | Gauntlet | Found a transporter.
  8575 | Gauntlet | Noticed a tengu warrior
  8579 | Gauntlet | Found a transporter.
  8583 | Gauntlet | Found a transporter.
  8635 | D:11     | Noticed a cyclops
  8660 | D:10     | Entered Level 10 of the Dungeon
  8660 | D:10     | Noticed a two-headed ogre
  8690 | D:8      | Found a sand-covered staircase.
  8699 | Ossuary  | Entered an ossuary
  9559 | Ossuary  | Offered knowledge of Kindle Blastsparks by Vehumet.
  9747 | Ossuary  | Noticed Menkaure
  9764 | Ossuary  | Killed Menkaure
  9799 | Ossuary  | Reached *** piety under Vehumet
  9958 | D:8      | Reached skill level 13 in Earth Magic
 10087 | D:8      | Noticed a two-headed ogre
 10093 | D:8      | Killed a two-headed ogre
 10093 | D:8      | Offered knowledge of Mephitic Cloud by Vehumet.
 10094 | D:8      | Reached skill level 10 in Spellcasting
 10094 | D:8      | Reached XP level 11. HP: 60/60 MP: 16/25
 10757 | D:9      | Reached **** piety under Vehumet
 10881 | D:9      | Found a basalt altar of Yredelemnul.
 10887 | D:9      | Found a broken altar of Ashenzari.
 10892 | D:9      | Found a shimmering altar of Xom.
 11606 | D:10     | Noticed a two-headed ogre
 11613 | D:10     | Killed a two-headed ogre
 11613 | D:10     | Offered knowledge of Olgreb's Toxic Radiance by Vehumet.
 11689 | D:10     | Killed a two-headed ogre
 12044 | D:10     | Noticed Amaemon
 12124 | D:10     | Killed Amaemon
 12347 | D:10     | Noticed a cyclops
 12363 | D:10     | Killed a cyclops
 12364 | D:10     | Reached skill level 5 in Fighting
 12364 | D:10     | Reached skill level 5 in Conjurations
 12635 | D:11     | Found a staircase to the Orcish Mines.
 12659 | D:11     | Killed a cyclops
 12841 | D:11     | Found a staircase to the Lair.
 12994 | D:11     | Reached skill level 5 in Staves
 13149 | D:11     | Reached XP level 12. HP: 68/68 MP: 22/26
 13222 | D:11     | Noticed a two-headed ogre
 13230 | D:11     | Killed a two-headed ogre
 13409 | D:12     | Noticed a two-headed ogre
 13422 | D:12     | Killed a two-headed ogre
 13507 | D:12     | Noticed a centaur warrior
 13516 | D:12     | Killed a centaur warrior
 13517 | D:12     | Reached skill level 14 in Earth Magic
 13598 | D:12     | Reached skill level 5 in Evocations
 13669 | D:12     | Noticed a two-headed ogre
 13680 | D:12     | Killed a two-headed ogre
 14032 | D:12     | Noticed Azrael
 14051 | D:12     | Killed Azrael
 14062 | D:12     | Reached ***** piety under Vehumet
 14213 | D:12     | Offered knowledge of Arcjolt by Vehumet.
 14264 | D:12     | Noticed Erolcha
 14271 | D:12     | Killed Erolcha
 14452 | D:12     | Noticed a boulder beetle
 14464 | D:12     | Killed a boulder beetle
 14821 | Lair:1   | Entered Level 1 of the Lair of Beasts
 15080 | Lair:1   | Found a dark tunnel.
 15090 | Volcano  | Entered a volcano
 15154 | Volcano  | Reached XP level 13. HP: 55/76 MP: 5/28
 16138 | Lair:1   | Offered knowledge of Iron Shot by Vehumet.
 16344 | Lair:1   | Learned a level 6 spell: Iron Shot
 16777 | Lair:2   | Reached skill level 15 in Earth Magic
 18004 | Lair:3   | Found a staircase to the Swamp.
 18153 | Lair:3   | Found a staircase to the Snake Pit.
 19382 | Lair:4   | Identified the +2 sling "Syuhef" {elec, rF+ rC+ Will-}
 19418 | Lair:4   | Found a staircase to the Slime Pits.
 19453 | Lair:4   | Gained mutation: Your large and strong wings let you fly.
                  | [Gargoyle growth]
 19453 | Lair:4   | Reached XP level 14. HP: 84/84 MP: 6/29
 19774 | Lair:4   | Found a viscous altar of Jiyva.
 20744 | Lair:5   | Entered Level 5 of the Lair of Beasts
 20922 | Lair:5   | Offered knowledge of Starburst by Vehumet.
 20976 | Lair:5   | Noticed Snorg
 20987 | Lair:5   | Killed Snorg
 20988 | Lair:5   | Reached skill level 16 in Earth Magic
 21321 | Lair:5   | Reached skill level 10 in Conjurations
 23437 | Lair:5   | Reached XP level 15. HP: 77/91 MP: 3/31
 23916 | Lair:5   | Reached skill level 1 in Armour
 23975 | Lair:5   | Reached skill level 17 in Earth Magic
 24039 | Lair:5   | Found a corrupted altar of Lugonu.
 24039 | Lair:5   | Found a one-way gate to the infinite horrors of the Abyss.
 25171 | D:11     | Learned a level 3 spell: Hailstorm
 25176 | D:11     | Learned a level 4 spell: Flame Wave
 25177 | Orc:1    | Entered Level 1 of the Orcish Mines
 25394 | Orc:2    | Entered Level 2 of the Orcish Mines
 25437 | Orc:1    | Offered knowledge of Eringya's Noxious Bog by Vehumet.
 25559 | Orc:2    | Reached skill level 1 in Shields
 25765 | Orc:2    | Noticed an orc warlord
 25820 | Orc:2    | Killed an orc warlord
 26603 | Orc:2    | Found a runed translucent gate.
 26603 | Orc:2    | Found a runed translucent gate.
 26604 | Orc:2    | Found a runed translucent gate.
 26607 | Orc:2    | Noticed monoptic's ghost (journeyman MiFi)
 27293 | Orc:2    | Reached skill level 10 in Fighting
 27539 | Orc:2    | Found a staircase to the Elven Halls.
 27931 | Orc:2    | Found Solempa's Antique Armour Shoppe.
 27931 | Orc:2    | Found Xij Tosao's Jewellery Shop.
 27931 | Orc:2    | Found Ceulid's General Store.
 27934 | Orc:2    | Found Mamosioz's Weapon Emporium.
 28047 | Orc:2    | Killed monoptic's ghost
 28115 | Orc:2    | Bought the amulet of Reres {Faith SInv} for 563 gold pieces
 29021 | D:13     | Learned a level 5 spell: Iskenderun's Battlesphere
 30167 | D:14     | Reached XP level 16. HP: 97/97 MP: 30/32
 30197 | D:14     | Offered knowledge of Freezing Cloud by Vehumet.
 30294 | D:14     | Found a gate to the Vaults.
 30524 | D:14     | Reached ****** piety under Vehumet
 30643 | D:14     | Identified the +8 triple crossbow "Dish" {drain, Contam
                  | rElec rF- Str+8}
 31202 | D:15     | Entered Level 15 of the Dungeon
 31976 | D:15     | Reached skill level 18 in Earth Magic
 32608 | D:15     | Found a staircase to the Depths.
 33031 | D:9      | Found a basalt altar of Yredelemnul.
 33037 | D:9      | Found a broken altar of Ashenzari.
 33039 | D:9      | Found a shimmering altar of Xom.
 33692 | D:6      | Found a hazy altar of Hepliaklqana.
 33692 | D:6      | Found a shadowy altar of Dithmenos.
 33692 | D:6      | Found a blossoming altar of Fedhas.
 33692 | D:6      | Found an ancient bone altar of Kikubaaqudgha.
 33827 | Snake:1  | Entered Level 1 of the Snake Pit
 34033 | Snake:1  | Noticed kenny's ghost (journeyman DECj)
 34040 | Snake:1  | Found a runed translucent door.
 34616 | Snake:1  | Offered knowledge of Irradiate by Vehumet.
 34820 | Snake:1  | Noticed a nagaraja
 34834 | Snake:1  | Killed a nagaraja
 35140 | Snake:1  | Killed kenny's ghost
 35313 | Snake:2  | Reached skill level 15 in Spellcasting
 35374 | Snake:2  | Found Oplim's Jewellery Shoppe.
 35374 | Snake:2  | Found Josan's Armour Emporium.
 35375 | Snake:2  | Found Diefrodyiv's Distillery.
 35377 | Snake:2  | Found Ystridghex's Magic Scroll Emporium.
 35460 | Snake:2  | Reached XP level 17. HP: 103/103 MP: 24/36
 36393 | Snake:3  | Learned a level 8 spell: Lehudib's Crystal Spear
 36596 | Snake:3  | Identified the +9 rapier of Veupos {venom, SInv}
 36752 | Snake:3  | Offered knowledge of Ozocubu's Refrigeration by Vehumet.
 36877 | Snake:3  | Noticed Vashnia
 37445 | Snake:3  | Killed Vashnia
 38148 | Snake:4  | Entered Level 4 of the Snake Pit
 38757 | Snake:4  | Found Xehere's Magic Scroll Shoppe.
 38760 | Snake:4  | Bought a scroll of teleportation for 36 gold pieces
 38760 | Snake:4  | Bought a scroll of blinking for 90 gold pieces
 38760 | Snake:4  | Bought a scroll of enchant armour for 90 gold pieces
 38760 | Snake:4  | Bought a scroll of poison for 48 gold pieces
 38908 | Snake:4  | Reached skill level 10 in Staves
 39599 | Snake:4  | Reached skill level 5 in Armour
 39998 | Snake:4  | Got a serpentine rune of Zot
 40063 | Snake:4  | Reached XP level 18. HP: 110/110 MP: 38/38
 40083 | Snake:4  | Reached skill level 5 in Shields
 40260 | Snake:2  | Bought 2 potions of curing for 78 gold pieces
 40260 | Snake:2  | Bought a potion of heal wounds for 65 gold pieces
 40260 | Snake:2  | Bought a potion of brilliance for 52 gold pieces
 40268 | Snake:2  | Bought a scroll of blinking for 135 gold pieces
 40268 | Snake:2  | Bought a scroll of fog for 72 gold pieces
 40268 | Snake:2  | Bought a scroll of teleportation for 54 gold pieces
 40268 | Snake:2  | Bought a scroll of teleportation for 54 gold pieces
 40271 | Snake:2  | Bought the +0 pair of boots "Wyfocaog" {Regen+ Str+2} for
                  | 266 gold pieces
 40289 | Snake:2  | Bought the ring "Videq" {+Blink rF+ rC+ Str+3} for 836 gold
                  | pieces
 40462 | Orc:2    | Bought a scroll of poison for 60 gold pieces
 40633 | Vaults:1 | Entered Level 1 of the Vaults
 40941 | Vaults:1 | Found a crumbling gateway.
 40955 | Vaults:1 | Noticed Asterion
 40961 | Vaults:1 | Killed Asterion
 41110 | Vaults:1 | Noticed Saint Roka
 41131 | Vaults:1 | Killed Saint Roka
 41673 | Vaults:1 | Reached skill level 19 in Earth Magic
 41978 | Vaults:1 | Offered knowledge of Shatter by Vehumet.
 41978 | Vaults:1 | Offered knowledge of Chain Lightning by Vehumet.
 41978 | Vaults:1 | Offered knowledge of Polar Vortex by Vehumet.
 42084 | Vaults:1 | Found Usir Hoot's Antique Weapon Emporium.
 42220 | Vaults:1 | Reached skill level 5 in Dodging
 43333 | Vaults:1 | Found Usir Hoot's Antique Weapon Emporium.
 44578 | Vaults:2 | Found a staircase to the Crypt.
 44578 | Vaults:2 | Found a basalt altar of Yredelemnul.
 44578 | Vaults:2 | Found an ancient bone altar of Kikubaaqudgha.
 44728 | Vaults:2 | Reached XP level 19. HP: 116/116 MP: 32/39
 45319 | Vaults:2 | Reached skill level 10 in Evocations
 46761 | Vaults:3 | Paralysed by a sphinx for 5 turns
 47010 | Vaults:3 | Noticed Aizul
 47015 | Vaults:3 | Killed Aizul
 47704 | Vaults:4 | Reached skill level 15 in Conjurations
 47778 | Vaults:4 | Noticed Xtahua
 47963 | Vaults:4 | Noticed Mennas
 47983 | Vaults:4 | Slain by Mennas

Illustrated notes

Levels and vault maps discovered:
D:1:      amcnicky_arrival_single_pillar, layout_basic, hangedman_decor_lopped,
          minmay_box_of_dots
D:2:      layout_basic, basic_altar,
          hellmonk_ecumenical_altar_pennies_from_heaven, uniq_robin,
          uniq_terence
D:3:      layout_rooms, serial_shops, nicolae_diamond_shop,
          ebering_ghost_disaster_area, cheibrodos_sewer_entry_sluice,
          grunt_ministairs_1
D:4:      layout_loops_ring, kennysheep_opposing_triangles
D:5:      layout_layer_cave, uniq_grinder
D:6:      layout_basic, nicolae_overflow_hidden_temple,
          minmay_temple_entry_stoned_glass, uniq_blork_the_orc
D:7:      layout_cave_pools, mainiacjoe_overflow_24_doors, enter_bailey_5,
          uniq_prince_ribbit1
D:8:      layout_gridville, nicolae_ossuary_entry_ruins
D:9:      layout_loops_corners, grunt_temple_overflow_open,
          kennysheep_generic_room_13
D:10:     layout_cross, uniq_amaemon
D:11:     layout_long_grid, dpeg_oklobed_lair, david_orc_3,
          gauntlet_entry_generic
D:12:     layout_roguey, serial_rivers, chequers_serial_rivers_room_b,
          chequers_serial_rivers_micro_e, chequers_serial_rivers_small_3,
          chequers_serial_rivers_room_a, chequers_serial_rivers_micro_d,
          hangedman_fish_farm, uniq_erolcha, uniq_azrael
D:13:     kennysheep_demon_hangout, layout_basic
D:14:     nzn_winding_woodlands_cross [nzn_winding_woodlands_5x15_pool,
          nzn_winding_woodlands_5x15_pockets,
          nzn_winding_woodlands_5x15_longhouse,
          nzn_winding_woodlands_5x15_concentric,
          nzn_winding_woodlands_15x15_boxy_spiral], layout_loops_cross,
          erik_vaults_1, moated_statue, serial_co_window_serial,
          co_window_of_opportunity_a, co_window_paths_a, co_window_paths_a,
          co_window_paths_a, co_window_paths_b, co_window_unsneaky_path_e,
          co_window_unsneaky_path_b, co_window_cross_4, co_window_broadway_c,
          glass_columns_b, glass_columns_a, glass_columns_a, glass_columns_a,
          glass_columns_a, minivault_16
D:15:     gammafunk_depths_entry_grave, layout_loops_cross, chequers_arboretum
Temple:   eino_temple_water
Lair:1:   lemuel_ratsnest, layout_long_grid, enter_volcano_1,
          kennysheep_abandoned_house, infiniplex_staircase_pool_2
Lair:2:   layout_chaotic_city, chequers_serial_rivers_room_b, lemuel_fruit_tree
Lair:3:   layout_loops_ring, minmay_swamp_entry_swarm,
          minmay_snake_entry_guardpost_small, minivault_27, dreamdust_wasp_nest,
          serial_bayou_shore_b
Lair:4:   layout_cave_shapes, nicolae_slime_entry_field_trip,
          infiniplex_staircase_pool
Lair:5:   hellmonk_lair_end_abyssal_woods, layout_cave_pods, patterned_corridor,
          grunt_megastairs_2, uniq_snorg
Snake:1:  layout_basic, hellmonk_ghost_happy_afterlife
Snake:2:  layout_misc_corridors, minmay_shoptagon
Snake:3:  layout_basic, serial_corexii_hall, corexii_hall_statues_x,
          chequers_hall_statues_corner_a, corexii_hall_statues_i,
          chequers_hall_statues_y, chequers_hall_statues_wall_a,
          corexii_hall_statues_i, uniq_vashnia
Snake:4:  minmay_snake_end_coiled, layout_cave_town, serial_shops,
          nicolae_shop_behind_doors
Orc:1:    layout_diamond_mine
Orc:2:    st_orc_rangers, layout_caves, ebering_ghost_rock_garden, elf_legates
Vaults:1: portal_desolation_entry_nicolae_nacl, nicolae_vaults_little_squares_1,
          nicolae_vaults_inception_statues, ontoclasm_vaults_fault,
          nicolae_vaults_ring_of_whatevers, hangedman_vaults_nodes, v_misc_29,
          vaults_standard_mumra_lines, v_misc_27,
          vaults_room_grunt_arrival_ludios, grunt_vaults_bifocal,
          vaults_mumra_hexcomb, vaults_room_pools, layout_vaults_omnicross,
          serial_shops, nicolae_shop_behind_doors, uniq_asterion,
          uniq_saint_roka
Vaults:2: st_more_cells, ontoclasm_vaults_ring_large, grunt_vaults_hallway_long,
          nicolae_vaults_windows_and_doors_thing, v_pattern_5,
          grunt_vaults_diagonal, vaults_room_fours, v_misc_33,
          nicolae_vaults_yaktaur_gun_rack, v_rooms_3,
          minmay_crypt_entry_necro_gods, nicolae_vaults_little_squares_5,
          nicolae_vaults_ring_of_whatevers, layout_vaults_omnigrid
Vaults:3: hangedman_vaults_trim, ontoclasm_vaults_ring_large,
          vaults_dpeg_encased_lava, v_misc_15, nicolae_vaults_little_ls,
          vaults_standard_mumra_x, grunt_vaults_hallway_long, vaults_room_fours,
          hangedman_vaults_trim, layout_vaults_omnibox, uniq_aizul
Vaults:4: mu_enter_wizlab_3, hangedman_vaults_trim,
          nicolae_vaults_disjoint_gnomons, v_misc_3, grunt_vaults_swirl,
          hangedman_vaults_variations, nicolae_vaults_big_ls,
          vaults_room_hallway, vaults_mumra_chevron_long, v_misc_16,
          ontoclasm_vaults_gateway, vaults_room_semicircle,
          nicolae_vaults_little_squares_5, layout_vaults_maze, uniq_mennas,
          uniq_xtahua, uniq_mara

Skill      XL: |  1  2  3  4  5  6  7  8  9 10 11 12 13 14 15 16 17 18 19 |
---------------+----------------------------------------------------------+-----
Earth Magic    | 4 5 6 7 8 10 12 13 14 15 16 17 18 19 | 19.9
Spellcasting   | 3 4 5 7 9 10 11 12 15 16 | 16.7
Fighting       | 3 5 7 8 9 10 11 12 | 12.1
Staves         | 3 5 6 7 8 9 10 11 | 11.2
Conjurations   | 3 5 7 9 11 12 13 14 15 | 15.0
Evocations     | 2 4 6 7 8 9 10 | 10.0
Armour         | 3 5 6 7 |  7.4
Dodging        | 3 4 5 |  5.9
Shields        | 2 3 4 6 7 |  7.3
Stealth        | |  2.1
Transmutations | |  0.7

Action                     |  1- 3 |  4- 6 |  7- 9 | 10-12 | 13-15 | 16-18 | 19-21 || total
---------------------------+-------+-------+-------+-------+-------+-------+-------++-------
  Melee: Club              |     9 |       |       |       |       |       |       ||     9
         Mace              |       |     4 |       |       |       |       |       ||     4
         Staff             |       |       |       |    25 |   163 |    58 |     2 ||   248
         Punch             |       |       |       |     2 |     3 |       |       ||     5
  Throw: Dart              |       |       |     2 |       |       |       |       ||     2
         Throwing net      |       |       |     2 |       |       |       |       ||     2
   Cast: Sandblast         |    47 |    93 |   186 |    30 |       |       |       ||   356
         Stone Arrow       |       |       |       |   390 |    73 |       |       ||   463
         Lee's Rapid Decon |       |       |       |     4 |    24 |    29 |    10 ||    67
         Petrify           |       |       |       |    32 |     7 |     3 |       ||    42
         Leda's Liquefacti |       |       |       |     1 |     5 |       |       ||     6
         Iron Shot         |       |       |       |       |   433 |   591 |   141 ||  1165
         Iskenderun's Batt |       |       |       |       |     4 |    29 |    30 ||    63
         Hailstorm         |       |       |       |       |     1 |       |       ||     1
         Flame Wave        |       |       |       |       |       |       |     1 ||     1
  Evoke: Wand              |       |       |     4 |     1 |       |       |       ||     5
    Use: Potion            |     1 |       |     5 |     9 |     4 |     9 |     5 ||    33
         Scroll            |       |       |    14 |    20 |     5 |     8 |     2 ||    49
   Stab: Petrified         |       |       |       |     9 |       |       |       ||     9
 Armour: Robe              |    14 |    34 |    36 |    74 |   149 |       |       ||   307
         Troll leather arm |       |       |       |       |    41 |       |       ||    41
         Ring mail         |       |       |       |       |     4 |   151 |    37 ||   192
  Dodge: Dodged            |    16 |    45 |    49 |   107 |   297 |   105 |    22 ||   641
  Block: Buckler           |       |       |       |       |    25 |    13 |       ||    38
         Kite shield       |       |       |       |       |       |    71 |    27 ||    98

Table legend: (Time is in decaauts)
 A = Elapsed time spent in this place.
 B = Non-inter-level travel time spent in this place.
 C = Inter-level travel time spent in this place.
 D = Time resting spent in this place.
 E = Time spent auto-exploring this place.
 F = Levels seen in this place.
 G = Mean time per level.
                   A        B        C        D        E       F      G
               +--------+--------+--------+--------+--------+-----+--------+
         Total |  48156 |  44459 |   3697 |   8254 |  29547 |  36 | 1337.7 |
       Dungeon |  18293 |  16435 |   1858 |   1550 |  12476 |  15 | 1219.5 |
        Temple |    231 |    221 |     10 |      0 |    203 |   1 |  231.0 |
          Lair |   9915 |   9197 |    718 |   1883 |   6079 |   5 | 1983.0 |
     Snake Pit |   6518 |   6149 |    369 |   1704 |   3591 |   4 | 1629.5 |
  Orcish Mines |   3115 |   2889 |    226 |   1743 |    766 |   2 | 1557.5 |
        Vaults |   7035 |   6519 |    516 |    713 |   4780 |   4 | 1758.8 |
         Sewer |    236 |    236 |      0 |      0 |    188 |   1 |  236.0 |
       Ossuary |   1212 |   1212 |      0 |    445 |    430 |   1 | 1212.0 |
        Bailey |   1002 |   1002 |      0 |     80 |    737 |   1 | 1002.0 |
       Volcano |    437 |    437 |      0 |    136 |    163 |   1 |  437.0 |
      Gauntlet |    157 |    157 |      0 |      0 |    132 |   1 |  157.0 |
               +--------+--------+--------+--------+--------+-----+--------+

Top non-repeatable levels by time:
  Lair:5: 3656 daAuts
Vaults:1: 3190 daAuts
   Orc:2: 2405 daAuts
    D:14: 2394 daAuts
Vaults:2: 2140 daAuts
  Lair:4: 2112 daAuts
 Snake:4: 1966 daAuts
 Snake:3: 1870 daAuts
     D:9: 1757 daAuts
    D:12: 1744 daAuts
  Lair:3: 1630 daAuts
     D:5: 1513 daAuts
Vaults:3: 1465 daAuts
  Lair:1: 1418 daAuts
 Snake:1: 1417 daAuts
